3L
VANCOUVER GREY WOLVES @ PANAMA CITY PIRANHAS
09/24/2041
 
TOP OF THE 1ST
Vancouver Grey Wolves batting - Pitching for Panama City Piranhas : RHP Dylan Grandjean
Pitching: RHP Dylan Grandjean
Batting: LHB Yoritomo Sato 0-0: Ball
1-0: Ball
2-0: Foul Ball, location: 2F
2-1: Called Strike
2-2: Foul Ball, location: 2F
2-2: Foul Ball, location: 2F
2-2: Foul Ball, location: 2F
2-2: Ball
3-2: Base on Balls
Batting: LHB José Arras 0-0: Swinging Strike
0-1: Swinging Strike
0-2: Ball
1-2: Ball
2-2: Foul Ball, location: 2F
2-2: Ground out U3 (Groundball, 34S, EV 65.0 MPH)
Yoritomo Sato to second
Batting: LHB Robbie Brendle 0-0: Called Strike
0-1: Foul Ball, location: 2F
0-2: Ball
1-2: Ball
2-2: DOUBLE (Line Drive, 3D, EV 95.6 MPH)
Yoritomo Sato scores
Batting: LHB Javier Sánchez 0-0: Called Strike
0-1: Swinging Strike
0-2: Foul Ball, location: 2F
0-2: Ball
1-2: Ball
2-2: Foul Ball, location: 2F
2-2: Foul Ball, location: 2F
2-2: Foul Ball, location: 2F
2-2: Ball
3-2: Base on Balls
Batting: RHB Rafael Maldonado 0-0: Foul Ball, location: 2F
0-1: Ball
1-1: Fly out, F8 (Flyball, 8LD, EV 87.5 MPH)
Runner from 2nd tags up, SAFE at 3rd with throw by CF
Batting: RHB Kao-tsu Koo 0-0: Called Strike
0-1: Ball
1-1: Ball
2-1: Foul Ball, location: 2F
2-2: Ball
3-2: DOUBLE (Line Drive, 8LD, EV 110.0 MPH)
Robbie Brendle scores
Javier Sánchez to third
Javier Sánchez scores
Batting: RHB Phil van Oosterom 0-0: Ground out 6-3 (Groundball, 6, EV 80.0 MPH)
Top of the 1st over - 3 runs, 2 hits, 0 errors, 1 left on base; Vancouver 3 - Panama City 0
BOTTOM OF THE 1ST
Panama City Piranhas batting - Pitching for Vancouver Grey Wolves : LHP Gerardo Pagán
Pitching: LHP Gerardo Pagán
Batting: RHB Kieran Hansen 0-0: DOUBLE (Line Drive, 9LM, EV 100.0 MPH)
Batting: RHB Carsello Scruggins 0-0: Ball
1-0: Fly out, F9 (Flyball, 9, EV 90.0 MPH)
Batting: RHB Blaze Alexander 0-0: Ball
1-0: Ground out 6-3 (Groundball, 56, EV 101.2 MPH)
Batting: LHB Oasiz Wiesblatt 0-0: Called Strike
0-1: Called Strike
0-2: Strikes out swinging
Bottom of the 1st over - 0 runs, 1 hit, 0 errors, 1 left on base; Vancouver 3 - Panama City 0
TOP OF THE 2ND
Vancouver Grey Wolves batting - Pitching for Panama City Piranhas : RHP Dylan Grandjean
Batting: LHB Cameron Woolever 0-0: Ball
1-0: Ball
2-0: Ball
3-0: Called Strike
3-1: Base on Balls
Batting: RHB David Stone 0-0: Called Strike
Cameron Woolever is caught stealing 2nd base 2-4
0-1: Swinging Strike
0-2: Foul Ball, location: 2F
0-2: Ball
1-2: Foul Ball, location: 2F
1-2: Ball
2-2: Foul Ball, location: 2F
2-2: Fly out, F4 (Popup, 4M, EV 71.9 MPH)
Batting: LHB Yoritomo Sato 0-0: Ball
1-0: Ball
2-0: Called Strike
2-1: Swinging Strike
2-2: Fly out, F8 (Flyball, 8RM, EV 93.8 MPH)
Top of the 2nd over - 0 runs, 0 hits, 0 errors, 0 left on base; Vancouver 3 - Panama City 0
BOTTOM OF THE 2ND
Panama City Piranhas batting - Pitching for Vancouver Grey Wolves : LHP Gerardo Pagán
Batting: LHB Ashley Thachi 0-0: Foul Ball, location: 2F
0-1: Ball
1-1: SINGLE (Groundball, 4MD, EV 95.6 MPH)
Batting: RHB Chrysler Rodriguez 0-0: Swinging Strike
0-1: Called Strike
0-2: Ball
1-2: Strikes out swinging
Batting: SHB Lupo Cotto 0-0: Ball
1-0: Swinging Strike
1-1: Foul Ball, location: 2F
1-2: Strikes out swinging
Batting: RHB Hyeon-cheong Kim 0-0: Swinging Strike
0-1: Called Strike
0-2: Strikes out swinging
Bottom of the 2nd over - 0 runs, 1 hit, 0 errors, 1 left on base; Vancouver 3 - Panama City 0
TOP OF THE 3RD
Vancouver Grey Wolves batting - Pitching for Panama City Piranhas : RHP Dylan Grandjean
Batting: LHB José Arras 0-0: Ball
1-0: Called Strike
1-1: Called Strike
1-2: Foul Ball, location: 2F
1-2: Ball
2-2: Ball
3-2: Foul Ball, location: 2F
3-2: Ground out 1-3 (Groundball, 34S, EV 86.9 MPH)
Batting: LHB Robbie Brendle 0-0: Foul Ball, location: 2F
0-1: Ball
1-1: Swinging Strike
1-2: Foul Ball, location: 2F
1-2: Foul Ball, location: 2F
1-2: Foul Ball, location: 2F
1-2: Ball
2-2: Ball
3-2: Ground out 4-3 (Groundball, 4S, EV 68.8 MPH)
Batting: LHB Javier Sánchez 0-0: Called Strike
0-1: Foul Ball, location: 2F
0-2: SINGLE (Groundball, 4D, EV 97.5 MPH)
Batting: RHB Rafael Maldonado 0-0: Foul Ball, location: 2F
0-1: Swinging Strike
0-2: Foul Ball, location: 2F
0-2: Strikes out swinging
Top of the 3rd over - 0 runs, 1 hit, 0 errors, 1 left on base; Vancouver 3 - Panama City 0
BOTTOM OF THE 3RD
Panama City Piranhas batting - Pitching for Vancouver Grey Wolves : LHP Gerardo Pagán
Batting: RHB Brant Thigpen 0-0: Called Strike
0-1: Called Strike
0-2: Foul Ball, location: 2F
0-2: Ball
1-2: Foul Ball, location: 2F
1-2: Strikes out looking
Batting: RHB Kieran Hansen 0-0: Ball
1-0: SINGLE (Groundball, 34D, EV 99.4 MPH)
Batting: RHB Carsello Scruggins 0-0: Ball
1-0: Ball
2-0: Ball
3-0: Foul Ball, location: 2F
3-1: Called Strike
3-2: Base on Balls
Kieran Hansen to second
Batting: RHB Blaze Alexander 0-0: Swinging Strike
0-1: Called Strike
0-2: Strikes out swinging
Batting: LHB Oasiz Wiesblatt 0-0: Ball
1-0: Foul Ball, location: 2F
1-1: Foul Ball, location: 2F
1-2: Fly out, F8 (Flyball, 78D, EV 108.8 MPH)
Bottom of the 3rd over - 0 runs, 1 hit, 0 errors, 2 left on base; Vancouver 3 - Panama City 0
TOP OF THE 4TH
Vancouver Grey Wolves batting - Pitching for Panama City Piranhas : RHP Dylan Grandjean
Batting: RHB Kao-tsu Koo 0-0: Foul Ball, location: 2F
0-1: Ground out 4-3 (Groundball, 4S, EV 90.0 MPH)
Batting: RHB Phil van Oosterom 0-0: Called Strike
0-1: Swinging Strike
0-2: Fly out, F9 (Flyball, 9, EV 95.0 MPH)
Batting: LHB Cameron Woolever 0-0: Called Strike
0-1: Ground out U3 (Groundball, 3, EV 90.0 MPH)
Top of the 4th over - 0 runs, 0 hits, 0 errors, 0 left on base; Vancouver 3 - Panama City 0
BOTTOM OF THE 4TH
Panama City Piranhas batting - Pitching for Vancouver Grey Wolves : LHP Gerardo Pagán
Batting: LHB Ashley Thachi 0-0: Ball
1-0: Called Strike
1-1: Ball
2-1: Ball
3-1: Base on Balls
Batting: RHB Chrysler Rodriguez 0-0: Called Strike
0-1: Swinging Strike
0-2: Strikes out swinging
Batting: SHB Lupo Cotto 0-0: Foul Ball, location: 2F
0-1: Called Strike
0-2: Ball
1-2: Ball
2-2: Foul Ball, location: 2F
2-2: Fielders Choice at 2nd, 4-6 (Groundball, 4, EV 88.1 MPH)
Batting: RHB Hyeon-cheong Kim 0-0: Ball
1-0: SINGLE (Line Drive, 8RS, EV 108.8 MPH)
Lupo Cotto to second
Batting: RHB Brant Thigpen 0-0: Ball
1-0: Foul Ball, location: 2F
1-1: Called Strike
1-2: Foul Ball, location: 2F
1-2: Foul Ball, location: 2F
1-2: Ball
2-2: Foul Ball, location: 2F
2-2: Foul Ball, location: 2F
2-2: Ball
3-2: Strikes out swinging
Bottom of the 4th over - 0 runs, 1 hit, 0 errors, 2 left on base; Vancouver 3 - Panama City 0
TOP OF THE 5TH
Vancouver Grey Wolves batting - Pitching for Panama City Piranhas : RHP Dylan Grandjean
Batting: RHB David Stone 0-0: Foul Ball, location: 2F
0-1: Foul Ball, location: 2F
0-2: Ball
1-2: Strikes out looking
Batting: LHB Yoritomo Sato 0-0: SINGLE (Flyball, 78S, EV 94.4 MPH)
Batting: LHB José Arras 0-0: Ball
1-0: Swinging Strike
1-1: Ball
2-1: Ball
3-1: Swinging Strike
3-2: Foul Ball, location: 2F
3-2: Base on Balls
Yoritomo Sato to second
Pitching: RHP Vadim Rajnev
Batting: LHB Robbie Brendle 0-0: Ball
1-0: Fielders Choice at 2nd, 1-6 (Groundball, 13, EV 81.9 MPH)
Yoritomo Sato to third
Batting: LHB Javier Sánchez 0-0: Called Strike
0-1: Ball
1-1: Ball
2-1: Foul Ball, location: 2F
2-2: Ball
3-2: Fly out, F7 (Flyball, 7D, EV 85.0 MPH)
Top of the 5th over - 0 runs, 1 hit, 0 errors, 2 left on base; Vancouver 3 - Panama City 0
BOTTOM OF THE 5TH
Panama City Piranhas batting - Pitching for Vancouver Grey Wolves : LHP Gerardo Pagán
Batting: RHB Kieran Hansen 0-0: Called Strike
0-1: Ball
1-1: Foul Ball, location: 2F
1-2: Foul Ball, location: 2F
1-2: Fly out, F7 (Flyball, 7D, EV 97.5 MPH)
Batting: RHB Carsello Scruggins 0-0: Ball
1-0: Ball
2-0: Called Strike
2-1: Ball
3-1: Base on Balls
Batting: RHB Blaze Alexander 0-0: Ball
1-0: Called Strike
1-1: Foul Ball, location: 2F
1-2: Ball
2-2: Ball
3-2: Fly out, F9 (Flyball, 9LSF, EV 83.1 MPH)
Batting: LHB Oasiz Wiesblatt 0-0: Called Strike
0-1: Called Strike
0-2: Foul Ball, location: 2F
0-2: Ball
Carsello Scruggins is caught stealing 2nd base 2-6
Bottom of the 5th over - 0 runs, 0 hits, 0 errors, 0 left on base; Vancouver 3 - Panama City 0
TOP OF THE 6TH
Vancouver Grey Wolves batting - Pitching for Panama City Piranhas : RHP Vadim Rajnev
Batting: RHB Rafael Maldonado 0-0: Foul Ball, location: 2F
0-1: Swinging Strike
0-2: SINGLE (Line Drive, 78S, EV 108.8 MPH)
Batting: RHB Kao-tsu Koo 0-0: Swinging Strike
0-1: Ball
1-1: Foul Ball, location: 2F
1-2: Ball
2-2: Ball
3-2: Base on Balls
Rafael Maldonado to second
Batting: RHB Phil van Oosterom 0-0: Foul Ball, location: 2F
0-1: Foul Ball, location: 2F
0-2: Strikes out swinging
Batting: LHB Cameron Woolever 0-0: Ball
1-0: SINGLE (Groundball, 34, EV 105.0 MPH) (infield hit)
Rafael Maldonado to third
Kao-tsu Koo to second
Batting: RHB David Stone 0-0: Ball
1-0: Called Strike
1-1: Foul Ball, location: 2F
1-2: Strikes out swinging
Batting: LHB Yoritomo Sato 0-0: Called Strike
0-1: Swinging Strike
0-2: Fly out, F4 (Popup, 34S, EV 88.8 MPH)
Top of the 6th over - 0 runs, 2 hits, 0 errors, 3 left on base; Vancouver 3 - Panama City 0
BOTTOM OF THE 6TH
Panama City Piranhas batting - Pitching for Vancouver Grey Wolves : LHP Gerardo Pagán
Pitching: RHP Alejandro Araya
Batting: LHB Oasiz Wiesblatt 0-0: Called Strike
0-1: Ball
1-1: SOLO HOME RUN (Flyball, 89XD, EV 110.6 MPH), Distance : 394 ft
Batting: LHB Ashley Thachi 0-0: Called Strike
0-1: Ball
1-1: Foul Ball, location: 2F
1-2: Foul Ball, location: 2F
1-2: Ball
2-2: Ball
3-2: Fly out, F7 (Flyball, 7D, EV 105.0 MPH)
Batting: RHB Chrysler Rodriguez 0-0: Ball
1-0: Fly out, F4 (Popup, 34S, EV 83.1 MPH)
Batting: SHB Lupo Cotto 0-0: Ball
1-0: Ball
2-0: Swinging Strike
2-1: Fly out, F6 (Popup, 6, EV 58.8 MPH)
Bottom of the 6th over - 1 run, 1 hit, 0 errors, 0 left on base; Vancouver 3 - Panama City 1
TOP OF THE 7TH
Vancouver Grey Wolves batting - Pitching for Panama City Piranhas : RHP Vadim Rajnev
Batting: LHB José Arras 0-0: Ball
1-0: Ball
2-0: Ball
3-0: Base on Balls
Pitching: RHP Barney Starr
Batting: LHB Robbie Brendle 0-0: Called Strike
0-1: Fielders Choice at 2nd, 5-4 (Groundball, 56, EV 105.6 MPH)
Batting: LHB Javier Sánchez 0-0: Called Strike
Robbie Brendle steals 2nd base
0-1: Ball
1-1: Ball
2-1: Called Strike
Robbie Brendle steals 3rd, throwing error, E2
Robbie Brendle scores
2-2: Foul Ball, location: 2F
2-2: Foul Ball, location: 2F
2-2: Strikes out swinging
Batting: RHB Rafael Maldonado 0-0: Ball
1-0: Swinging Strike
1-1: Called Strike
1-2: Ball
2-2: Foul Ball, location: 2F
2-2: Foul Ball, location: 2F
2-2: Strikes out swinging
Top of the 7th over - 1 run, 0 hits, 1 error, 0 left on base; Vancouver 4 - Panama City 1
BOTTOM OF THE 7TH
Panama City Piranhas batting - Pitching for Vancouver Grey Wolves : RHP Alejandro Araya
Batting: RHB Hyeon-cheong Kim 0-0: Foul Ball, location: 2F
0-1: Ball
1-1: Ball
2-1: Ball
3-1: Ground out 1-3 (Groundball, 15, EV 87.5 MPH)
Batting: RHB Brant Thigpen 0-0: Ball
1-0: SINGLE (Groundball, 6MD, EV 96.2 MPH)
Batting: RHB Kieran Hansen 0-0: Swinging Strike
0-1: Called Strike
0-2: Ball
1-2: Strikes out swinging
Batting: RHB Carsello Scruggins 0-0: Ball
1-0: Fly out, F9 (Flyball, 9, EV 86.9 MPH)
Bottom of the 7th over - 0 runs, 1 hit, 0 errors, 1 left on base; Vancouver 4 - Panama City 1
TOP OF THE 8TH
Vancouver Grey Wolves batting - Pitching for Panama City Piranhas : RHP Barney Starr
Batting: RHB Kao-tsu Koo 0-0: Ball
1-0: SINGLE (Groundball, 6MD, EV 101.9 MPH)
Batting: RHB Phil van Oosterom 0-0: Ball
1-0: Foul Ball, location: 2F
1-1: Called Strike
1-2: Foul Ball, location: 2F
1-2: Strikes out swinging
Batting: LHB Cameron Woolever 0-0: Called Strike
0-1: Ball
1-1: Ball
2-1: Called Strike
2-2: Fielders Choice at 2nd, 6-4 (Groundball, 6, EV 108.1 MPH)
Batting: RHB David Stone 0-0: Foul Ball, location: 2F
0-1: Ball
1-1: Ball
Cameron Woolever steals 2nd base
2-1: Called Strike
2-2: Fly out, F6 (Popup, 6M, EV 70.6 MPH)
Top of the 8th over - 0 runs, 1 hit, 0 errors, 1 left on base; Vancouver 4 - Panama City 1
BOTTOM OF THE 8TH
Panama City Piranhas batting - Pitching for Vancouver Grey Wolves : RHP Alejandro Araya
Now at C: Kevin Malone
Batting: RHB Blaze Alexander 0-0: Ball
1-0: Ball
2-0: Foul Ball, location: 2F
2-1: Ground out 6-3 (Groundball, 56, EV 81.2 MPH)
Batting: LHB Oasiz Wiesblatt 0-0: Ball
1-0: Ball
2-0: Ball
3-0: Base on Balls
Pitching: LHP Manuel Paílla
Batting: LHB Ashley Thachi 0-0: Called Strike
0-1: Ball
1-1: Ball
2-1: Ball
3-1: Called Strike
3-2: Grounds into double play, 6-4-3 (Groundball, 6, EV 83.1 MPH)
Bottom of the 8th over - 0 runs, 0 hits, 0 errors, 0 left on base; Vancouver 4 - Panama City 1
TOP OF THE 9TH
Vancouver Grey Wolves batting - Pitching for Panama City Piranhas : RHP Barney Starr
Batting: LHB Yoritomo Sato 0-0: Ball
1-0: Ball
2-0: Fly out, F6 (Line Drive, 6, EV 73.8 MPH)
Batting: LHB José Arras 0-0: Ball
1-0: Foul Ball, location: 2F
1-1: Foul Ball, location: 2F
1-2: Ball
2-2: Ball
3-2: Foul Ball, location: 2F
3-2: Ground out U3 (Groundball, 3, EV 105.0 MPH)
Batting: LHB Robbie Brendle 0-0: SINGLE (Line Drive, 7LS, EV 111.2 MPH)
Batting: LHB Javier Sánchez 0-0: Ball
1-0: Foul Ball, location: 2F
1-1: SINGLE (Groundball, 56D, EV 108.8 MPH)
Robbie Brendle to second
Batting: RHB Rafael Maldonado 0-0: Swinging Strike
0-1: Called Strike
0-2: Foul Ball, location: 2F
0-2: Foul Ball, location: 2F
0-2: Strikes out looking
Top of the 9th over - 0 runs, 2 hits, 0 errors, 2 left on base; Vancouver 4 - Panama City 1
BOTTOM OF THE 9TH
Panama City Piranhas batting - Pitching for Vancouver Grey Wolves : LHP Manuel Paílla
Pitching: RHP Ainanani Oliwa
Now at 3B: Alejandro Cantú
Now in LF: Hani Azwan
Batting: RHB Chrysler Rodriguez 0-0: Called Strike
0-1: Foul Ball, location: 2F
0-2: Foul Ball, location: 2F
0-2: DOUBLE (Flyball, 89XD, EV 92.5 MPH)
Pinch Runner at 2nd Luke Thornton:
Batting: SHB Lupo Cotto 0-0: Swinging Strike
0-1: Ball
1-1: Ball
2-1: Foul Ball, location: 2F
2-2: Ball
3-2: TRIPLE (Flyball, 78XD, EV 103.8 MPH)
Luke Thornton scores
Batting: RHB Hyeon-cheong Kim 0-0: Ground out U3 (Groundball, 3, EV 86.2 MPH)
Batting: RHB Brant Thigpen 0-0: Ball
1-0: Called Strike
1-1: Ball
2-1: DOUBLE (Line Drive, 9LS, EV 98.8 MPH)
Lupo Cotto scores
Batting: RHB Kieran Hansen 0-0: Swinging Strike
0-1: DOUBLE (Line Drive, 3D, EV 99.4 MPH)
Brant Thigpen scores
Batting: RHB Carsello Scruggins 0-0: Ball
1-0: Ball
2-0: Foul Ball, location: 2F
2-1: Ball
3-1: Base on Balls
Batting: RHB Blaze Alexander 0-0: Ball
1-0: Swinging Strike
1-1: Ball
2-1: Foul Ball, location: 2F
2-2: Strikes out looking
Pitching: RHP Terry Lesage
Batting: LHB Oasiz Wiesblatt 0-0: Foul Ball, location: 2F
0-1: Fly out, F4 (Popup, 34D, EV 47.5 MPH)
Bottom of the 9th over - 3 runs, 4 hits, 0 errors, 2 left on base; Vancouver 4 - Panama City 4
TOP OF THE 10TH
Vancouver Grey Wolves batting - Pitching for Panama City Piranhas : RHP Barney Starr
Now in CF: Luke Thornton
Batting: RHB Kevin Malone 0-0: Called Strike
0-1: Ball
1-1: Foul Ball, location: 2F
1-2: Strikes out swinging
Batting: RHB Phil van Oosterom 0-0: Called Strike
0-1: Ball
1-1: Fly out, F4 (Line Drive, 4, EV 71.9 MPH)
Batting: LHB Cameron Woolever 0-0: Swinging Strike
0-1: Ball
1-1: SINGLE (Flyball, 89S, EV 84.4 MPH)
Pitching: RHP Carlos Salcido
Batting: RHB David Stone 0-0: Called Strike
0-1: Ball
1-1: Swinging Strike
1-2: Ball
2-2: Ball
3-2: Strikes out looking
Top of the 10th over - 0 runs, 1 hit, 0 errors, 1 left on base; Vancouver 4 - Panama City 4
BOTTOM OF THE 10TH
Panama City Piranhas batting - Pitching for Vancouver Grey Wolves : RHP Terry Lesage
Batting: LHB Ashley Thachi 0-0: Ball
1-0: Called Strike
1-1: Ball
2-1: Ground out 4-3 (Groundball, 4M, EV 82.5 MPH)
Batting: RHB Luke Thornton 0-0: Foul Ball, location: 2F
0-1: Ball
1-1: Ball
2-1: Ball
3-1: Base on Balls
Batting: SHB Lupo Cotto 0-0: Ball
1-0: Ball
2-0: Called Strike
2-1: Ball
3-1: Foul Ball, location: 2F
3-2: Base on Balls
Luke Thornton to second
Batting: RHB Hyeon-cheong Kim 0-0: Foul Ball, location: 2F
0-1: Ball
1-1: Fly out, F9 (Flyball, 89D, EV 99.4 MPH)
Batting: RHB Brant Thigpen 0-0: Ball
1-0: Foul Ball, location: 2F
1-1: SINGLE (Line Drive, 9LS, EV 110.0 MPH)
Luke Thornton to third
Lupo Cotto to second
Runner from 3rd tries for Home, SAFE, throw by RF to home
Tuesday, January 5th, 2021 - OOTP Baseball 20.8 Build 74